[Event "US Masters 2022"]
[Site "Charlotte"]
[Date "2022.11.27"]
[Round "8.22"]
[White "Bora, Safal"]
[Black "Zapata, Alonso"]
[Result "1-0"]
[ECO "E66"]
[WhiteElo "2446"]
[BlackElo "2336"]
[Annotator "TA"]
[PlyCount "83"]
[EventDate "2022.11.23"]
[EventType "swiss"]
[EventCountry "USA"]
[SourceTitle "playchess.com"]
[Source "ChessBase"]
[SourceQuality "1"]
[TimeControl "5400+30"]

1. d4 Nf6 2. Nf3 g6 3. g3 Bg7 4. Bg2 O-O 5. c4 c5 6. O-O d6 7. Nc3 Nc6 8. d5 Na5 9. Nd2 a6 10. Rb1 e6 11. b3 {[%emt 0:04:50] E66: King's Indian: Fianchetto: 6...c5 7 0-0 Nc6 8 d5.} Rb8 {[%emt 0:05:22] [#]} ({Better is} 11... exd5 $14 12. Nxd5 Bf5) 12. dxe6 $1 $16 Bxe6 13. Nde4 {[%emt 0:00:23] White is better.} Nxe4 14. Nxe4 Bf5 {[%emt 0:00:00] [#]} 15. Bg5 $146 {[%emt 0:15:29] Inhibits Qe7.} (15. Qxd6 $2 {is the wrong capture.} Qxd6 16. Nxd6 Bxb1 $19) ({Predecessor:} 15. Bf4 Be5 16. Nxd6 Bxd6 17. Qxd6 Bxb1 18. Qxb8 Qxb8 19. Bxb8 Bxa2 20. Bd6 Re8 21. Bxc5 Bxb3 22. Ra1 Rxe2 23. Bb4 Nc6 {½-½ (23) Ogaard,L (2386)-Werner,C (2258) Drammen 2018}) 15... Qd7 16. Qxd6 Qxd6 17. Nxd6 Bxb1 18. Rxb1 Nc6 {[%emt 0:00:00] [#]} 19. Nxb7 $1 {[%emt 0:10:41][%mdl 64] Remove Defender. White has more active pieces. The black rooks are badly placed.} Rxb7 20. Bxc6 Rb6 21. Bd5 Re8 22. Be3 Bf8 23. Rd1 Kg7 24. Kf1 f6 25. Rd3 Rd8 (25... a5 $142) 26. Bd2 Rd7 27. Re3 Re7 {[%emt 0:00:00] Inhibits Re8.} 28. Rf3 Rd7 29. Bc3 Be7 30. e4 Bd8 31. g4 {[%emt 0:02:29] And now g5 would win.} h6 {[%emt 0:02:40] [#]} 32. h4 $1 {[%emt 0:00:28] Strongly threatening g5.} g5 33. hxg5 hxg5 34. Rf5 Kg6 35. e5 fxe5 36. Be4 {[%emt 0:01:01] This pair of bishops is nice.} ({But not} 36. Bxe5 Bf6 $16) 36... Bf6 37. Bxe5 ({Don't play} 37. Rxe5+ Kh6 38. Ba5 Bxe5 $14) 37... Bxe5 38. Rxe5+ {[%emt 0:00:12][%mdl 64] Discovered Attack} Kh6 (38... Kf7 $16 {was called for.}) 39. Rxc5 $18 Re7 $2 (39... Rbd6 40. Ra5 Re6) 40. f3 Rbe6 41. Ra5 Rc7 42. Ke2 {[%emt 0:00:39] Weighted Error Value: White=0.04 (flawless) /Black=0.20 (precise)} 1-0

[Event "US Masters 2022"]
[Site "Charlotte"]
[Date "2022.11.27"]
[Round "8.23"]
[White "Beukes, Dante M"]
[Black "Kavutskiy, Konstantin"]
[Result "0-1"]
[ECO "B31"]
[WhiteElo "2299"]
[BlackElo "2383"]
[Annotator "TA"]
[PlyCount "86"]
[EventDate "2022.11.23"]
[EventType "swiss"]
[EventCountry "USA"]
[SourceTitle "playchess.com"]
[Source "ChessBase"]
[SourceQuality "1"]
[TimeControl "5400+30"]

1. e4 c5 2. Nf3 Nc6 3. Bb5 g6 4. O-O Bg7 5. c3 Nf6 6. Re1 O-O 7. h3 e5 8. d3 Re8 {[%emt 0:05:12] B31: Sicilian: 2...Nc6 3 Bb5 g6.} 9. Be3 b6 {[%emt 0:01:02] [#]} 10. a3 $146 ({Predecessor:} 10. Nbd2 Bb7 11. Bc4 Qc7 12. a4 Na5 13. Bg5 {0-1 (13) Saypuri,S (2172)-Akbas,U (2292) Belgrade 2022}) 10... Bb7 {[%emt 0:02:45] The position is equal.} 11. b4 d6 12. Nbd2 Qc7 13. Bg5 Nh5 14. Nf1 h6 15. Be3 Nf4 16. Qd2 Kh7 (16... a6 $5 17. Bc4 b5 $11) 17. Rac1 Nh5 18. g4 Nf6 19. Ng3 Nd7 20. h4 Ne7 21. g5 (21. h5 $14) 21... h5 $1 $11 22. c4 (22. Qe2 $11) 22... Red8 23. Bxd7 (23. Ne2 $11) 23... Qxd7 $17 24. b5 Qg4 25. Kg2 (25. Qe2 $17) 25... a6 $19 {[%emt 0:02:33] Hoping for ...axb5.} ({Not} 25... Bc8 26. Rh1 $17) 26. Nh2 (26. a4 $17) 26... Qe6 ({Black should try} 26... Qxh4 $19 {aiming for ...axb5.} 27. a4 Nf5) 27. a4 $17 Bc8 28. Rh1 Bd7 (28... Qh3+ $17 29. Kg1 Qxh4) 29. f3 axb5 (29... Rf8 {feels hotter.} 30. Nhf1 f5 31. gxf6 Qxf6 32. Qe2 axb5 33. axb5 Bh6) 30. axb5 Ra3 31. Nhf1 Rda8 32. Bf2 (32. Ne2 $11) 32... f5 $15 33. Ne2 $2 (33. gxf6 $1 $11 {and White has nothing to worry.} Qxf6 34. Be3) 33... fxe4 $19 34. fxe4 Qg4+ $2 (34... d5 $1 $19 {And now ...Rf8 would win.} 35. cxd5 Nxd5 $1 36. exd5 Qxd5+ 37. Kg1 Rxd3) 35. Bg3 $1 $11 Rf8 (35... Ra2 $1 $11 36. Rc2 Ra1) 36. Nh2 (36. Ne3 $1 $14 Qe6 37. Nc3) 36... Qh3+ 37. Kg1 {[%emt 0:00:06] [#]} Qe6 {[%emt 0:00:53] Black is much more active. The white rooks are badly placed.} (37... d5 $1 $17 {[%cal Rd5e4] ...dxe4 is the strong threat.} 38. Nf1 Qe6 39. cxd5 {[#]} Nxd5 $1 40. exd5 Qxd5) 38. Kg2 $2 (38. Nc3 $1 $11 {and White stays safe.}) 38... d5 $1 $19 39. Rhf1 (39. Rc3 $142 Qh3+ 40. Kg1 Ra1+ 41. Rc1 Rxc1+ 42. Qxc1 dxe4 43. dxe4) 39... Qh3+ 40. Kh1 dxe4 41. dxe4 (41. Rxf8 $142 Bxf8 42. dxe4) 41... Bg4 ({Less strong is} 41... Rxg3 42. Nxg3 Rxf1+ 43. Ngxf1 $16) 42. Rxf8 Bxf8 43. Rg1 $2 (43. Rf1 $19 Bg7 44. Be1) 43... Bf3+ {[%emt 0:00:11] Weighted Error Value: White=0.64/Black=0.34} 0-1

[Event "US Masters 2022"]
[Site "Charlotte"]
[Date "2022.11.28"]
[Round "9.1"]
[White "Yoo, Christopher Woojin"]
[Black "Ramirez, Alejandro"]
[Result "1/2-1/2"]
[ECO "E17"]
[WhiteElo "2573"]
[BlackElo "2561"]
[Annotator "TA"]
[PlyCount "43"]
[EventDate "2022.11.23"]
[EventType "swiss"]
[EventCountry "USA"]
[SourceTitle "playchess.com"]
[Source "ChessBase"]
[SourceQuality "1"]
[TimeControl "5400+30"]

1. Nf3 Nf6 2. c4 e6 3. g3 d5 4. Bg2 Be7 5. O-O O-O 6. b3 b6 7. Bb2 Bb7 8. cxd5 exd5 9. e3 Nbd7 10. Nc3 Re8 11. Qc2 a6 12. Rfd1 Bd6 13. d4 Qe7 14. Rac1 Rac8 {[%emt 0:00:05] E17: Queen's Indian: 4 g3 Bb7 5 Bg2 Be7.} 15. Ne2 Ne4 {[%emt 0:11:21] [#] An uneventful encounter.} {Predecessor:} 16. Nf4 $146 c6 17. Nd3 c5 18. dxc5 bxc5 19. Nd2 Ndf6 20. Nxe4 Nxe4 21. Ba3 d4 22. Re1 {0-1 (46) Lenderman,A (2634)-Esipenko,A (2682) Chess.com INT 2020} 1/2-1/2

[Event "US Masters 2022"]
[Site "Charlotte"]
[Date "2022.11.27"]
[Round "9.2"]
[White "Schitco, Ivan"]
[Black "Oparin, Grigoriy"]
[Result "1/2-1/2"]
[ECO "E05"]
[WhiteElo "2532"]
[BlackElo "2683"]
[Annotator "TA"]
[PlyCount "40"]
[EventDate "2022.11.23"]
[EventType "swiss"]
[EventCountry "USA"]
[SourceTitle "playchess.com"]
[Source "ChessBase"]
[SourceQuality "1"]
[TimeControl "5400+30"]

1. d4 Nf6 2. c4 e6 3. g3 d5 4. Bg2 Be7 5. Nf3 O-O 6. O-O dxc4 7. Qc2 a6 8. a4 Bd7 9. Qxc4 Bc6 10. Bg5 Nbd7 11. Nc3 h6 {[%emt 0:00:44] The position is equal.} 12. Bxf6 {[%emt 0:01:16] E05: Open Catalan: 5 Nf3 Be7.} Nxf6 13. Rfd1 {[%emt 0:06:49] is the new trend.} Qd6 14. Ne5 {[%emt 0:16:46] [#] A rather calm draw.   Weighted Error Value: White=0.01 (flawless) /Black=0.00 (flawless)} {Predecessor:} Bd5 $146 15. Qd3 Bxg2 16. Kxg2 c5 17. Qe3 cxd4 18. Rxd4 Qc7 19. Rc4 Qa5 20. Rb1 Rfc8 {0-1 (47) Heiermann,L (1904)-Kratochvil,V (2306) ICCF email 2019} 1/2-1/2

[Event "US Masters 2022"]
[Site "Charlotte"]
[Date "2022.11.28"]
[Round "9.3"]
[White "Liang, Awonder"]
[Black "Macieja, Bartlomiej"]
[Result "1/2-1/2"]
[ECO "A35"]
[WhiteElo "2630"]
[BlackElo "2514"]
[Annotator "TA"]
[PlyCount "56"]
[EventDate "2022.11.23"]
[EventType "swiss"]
[EventCountry "USA"]
[SourceTitle "playchess.com"]
[Source "ChessBase"]
[SourceQuality "1"]
[TimeControl "5400+30"]

1. e4 c6 2. d4 d5 3. exd5 cxd5 4. Nf3 Nc6 5. c4 Nf6 6. Nc3 g6 7. cxd5 Nxd5 8. Qb3 Nxc3 9. Bc4 e6 {[%emt 0:13:45] is cutting edge theory.} 10. bxc3 Na5 {[%emt 0:00:03] A35: Symmetrical English: 2 Nc3 Nc6 3 Nf3.} (10... Bd7 {looks sharper.} 11. Bg5 f6 12. Bxe6 fxg5 13. O-O Bxe6 14. Qxe6+ Qe7) 11. Bb5+ Bd7 12. Qb1 {[%emt 0:06:10] [#]} Nc6 $146 (12... a6 $11 13. Bxd7+ Qxd7) ({Predecessor:} 12... Bd6 13. Bh6 Rc8 14. O-O Rxc3 15. Bxd7+ Qxd7 16. Bd2 Rxf3 17. gxf3 Nc4 18. Bg5 O-O {0-1 (42) Hryzlova,S (1940)-Gevorgyan,M (2228) Chess.com INT 2020}) 13. O-O $14 Bg7 {[%emt 0:00:01] Prevents d5.} 14. Ba3 {[%emt 0:01:34][%cal Od4d5] [#] Threatens to win with d5!} Bf8 {[%emt 0:00:02] Prevents d5.} 15. Bxf8 Kxf8 16. c4 {[%emt 0:09:40] Strongly threatening d5.} a6 {[%emt 0:13:12] Prevents d5.} 17. Bxc6 (17. Ba4 $5) 17... Bxc6 18. d5 exd5 19. Qb2 {[%emt 0:28:02] Prevents Qf6.} d4 20. Nxd4 Qf6 21. Rad1 {[%emt 0:24:40][%cal Od4e6,Ba1d1,Bd1d6,Bd6a6][%mdl 32] [#] And now Ne6+! would win.} (21. Rfe1 $5 Kg7 22. Re3 $14) 21... Re8 {[%emt 0:06:20] Against Ne6+. The position is equal.} (21... Kg8 {simplifies} 22. Rd2 Re8 23. Nxc6 Qxb2 24. Rxb2 bxc6 25. g3 Kg7) 22. Qa3+ Kg7 23. Nxc6 Qxc6 24. Rd6 Qxc4 25. Qb2+ Kg8 26. Qxb7 Qxa2 27. Rxa6 Qe2 28. Ra7 Qe6 {[%emt 0:00:12] Weighted Error Value: White=0.08 (flawless) /Black=0.09 (flawless)} 1/2-1/2

[Event "US Masters 2022"]
[Site "Charlotte"]
[Date "2022.11.28"]
[Round "9.4"]
[White "Mandizha, Farai"]
[Black "Antipov, Mikhail Al."]
[Result "0-1"]
[ECO "A09"]
[WhiteElo "2359"]
[BlackElo "2608"]
[Annotator "TA"]
[PlyCount "80"]
[EventDate "2022.11.23"]
[EventType "swiss"]
[EventCountry "USA"]
[SourceTitle "playchess.com"]
[Source "ChessBase"]
[SourceQuality "1"]
[TimeControl "5400+30"]

1. Nf3 d5 2. c4 d4 3. e3 Nc6 {[%emt 0:00:06] [#]} 4. Bd3 $146 ({Predecessor:} 4. b4 dxe3 5. fxe3 Nxb4 6. Nc3 Nf6 7. d4 c6 8. a3 Na6 9. e4 g6 10. e5 Nh5 11. Be2 Bg7 12. O-O {0-1 (36) Erigaisi,A (2567)-Aronian,L (2781) Chess.com INT 2021}) 4... dxe3 5. dxe3 Nb4 (5... Bg4 {simplifies} 6. Nc3 Nf6 7. Qe2 Bxf3 8. gxf3 Qd7) 6. Qa4+ {[%emt 0:05:37] A09: Réti Opening: 1 Nf3 d5 2 c4.} (6. Ke2 {simplifies} Nxd3 7. Qxd3 Qxd3+ 8. Kxd3 f6 9. Ke2) 6... c6 7. Bxh7 e5 (7... Rxh7 {simplifies} 8. Qxb4 g5 9. c5 Rh5) 8. Bc2 {[%emt 0:02:49] The position is equal.} e4 9. Nd4 (9. Bxe4 $11 Nf6 10. a3) 9... Bd7 10. Qb3 (10. Bxe4 $2 c5 11. Qd1 (11. Nb5 $2 a6 $19) 11... cxd4 12. exd4 Nf6 $19) 10... c5 11. Ne2 Bc6 12. a3 (12. Nbc3 $11) 12... Nxc2+ (12... Nd3+ {keeps more tension.} 13. Bxd3 exd3 14. Nf4 Bd6) 13. Qxc2 Qg5 14. Ng3 Bd6 15. Nxe4 Qxg2 16. Nxd6+ Kf8 $1 17. Rf1 {[%emt 0:00:45] Hoping for b4.} Rd8 {[%emt 0:00:06] Against b4} 18. Qf5 Rxd6 19. Qxc5 Rhh6 {[%emt 0:03:00] Black has more active pieces.} (19... Qg6 $1 $17 {[%cal Rg6d3] Threatens to win with ...Qd3.} 20. Nc3 (20. Qxa7 $2 Qd3 $19) 20... b6) 20. Bd2 (20. Nc3 $5 ) 20... Qf3 (20... Qxh2 $2 21. Bb4 $16 (21. Qxa7 Rd8 $16)) (20... b6 $15 21. Qe5 Qg4) 21. Nc3 $11 Ne7 {[%emt 0:02:18][%cal Bg8e7,Be7f5,Bf5h4][%mdl 32] Strongly threatening ...Nf5.} 22. Nb5 Bxb5 23. Qxb5 (23. cxb5 $11 Rd5 24. Qc2 (24. Qxa7 $2 Rhd6 $19)) 23... Nf5 {[%emt 0:05:07] aiming for ...Nh4.} 24. c5 $1 (24. Bb4 {is a self mate.} Nxe3 $1 ) 24... Nh4 $40 {[%emt 0:01:55][%cal Rh4g2][%mdl 192] Black wants a kill.} (24... Rd5 {simplifies} 25. Qe2 Nh4 26. Qxf3 Nxf3+ 27. Ke2 Nxd2 28. Rad1 Nxf1 29. Rxd5 Nxh2 30. Rd8+ Ke7) 25. Rg1 {[%emt 0:00:19][%mdl 8192] Now White is beyond hope.} (25. Qe2 $17 Rd5 26. Qxf3 (26. Rg1 $2 Rg6 $19) 26... Nxf3+ 27. Ke2 Nxd2 28. Rfd1) 25... Rdg6 $19 26. Rxg6 Rxg6 27. Bc1 Qd5 ({Worse is} 27... Rg1+ 28. Kd2 $17) 28. Ke2 Rd6 29. cxd6 Qxb5+ 30. Kd2 Nf3+ (30... Qc4 $142 31. e4 Nf3+ 32. Ke3 Nd4 33. Bd2 Nc2+ 34. Kf4 Nxa1 35. Be3 Nc2 36. Bxa7 g5+ 37. Kxg5 Qxe4 38. d7 Ke7 39. h4 Kxd7 40. h5 Qe5+ 41. Kg4 Qxb2 42. f3 Ne1 43. a4 Qg2+ 44. Kf5 Qxf3+ 45. Kg5 Ke6 46. Kh6 Qg4 47. Bf2 {[#]} f6 $1 48. Be3 Kf7 49. Bg5 Qxg5+ 50. Kh7 Qxh5#) 31. Kc3 Ne5 {[%emt 0:00:02] ( -> ...Qc4+)} 32. b3 {[%emt 0:00:15] Prevents Qc4+.} Qd3+ 33. Kb2 Qxd6 34. Ka2 Nd3 35. Bd2 Qc6 36. Kb1 {[%emt 0:00:11] Against Qc2+} Qh1+ 37. Ka2 Qxh2 38. Rd1 Qxf2 39. Kb1 Qe2 40. Kc2 g5 {[%emt 0:00:22] Weighted Error Value: White=0.60/Black=0.34} 0-1

[Event "US Masters 2022"]
[Site "Charlotte"]
[Date "2022.11.28"]
[Round "9.5"]
[White "Cordova, Emilio"]
[Black "Balakrishnan, Praveen"]
[Result "1-0"]
[ECO "A17"]
[WhiteElo "2561"]
[BlackElo "2510"]
[Annotator "TA"]
[PlyCount "147"]
[EventDate "2022.11.23"]
[EventType "swiss"]
[EventCountry "USA"]
[SourceTitle "playchess.com"]
[Source "ChessBase"]
[SourceQuality "1"]
[TimeControl "5400+30"]

1. Nf3 d5 2. e3 Nf6 3. c4 e6 4. Nc3 b6 5. b3 Bb7 6. Bb2 {[%emt 0:00:07] A17: English Opening: 1...Nf6 with ...Bb4.} Nbd7 7. d4 Bd6 8. Qc2 $5 {[%emt 0:01:11][%mdl 4] The position is equal. An interesting side line.} O-O 9. cxd5 exd5 10. Bd3 a6 11. O-O Re8 12. Rac1 c5 13. Rfd1 {[%emt 0:07:05] [#]} Qc7 $146 ({Predecessor:} 13... Nf8 14. Ne2 Rc8 15. Qb1 Ne6 16. Ng3 Bf8 17. Qa1 Nd7 18. Bf1 Rc7 19. a4 Qa8 {1-0 (46) Cordova,E (2549)-Yim,S (2251) Las Vegas 2022}) 14. Ne2 {[%emt 0:07:32] Prevents c4.} Rac8 15. Ng3 Qb8 16. Qe2 Qa8 17. Bf5 (17. Nf5 {seems wilder.} Bf8 18. Ne5 g6 19. Nxd7 Nxd7 20. Qg4) 17... Rcd8 18. Ba1 (18. dxc5 {with more complications.} bxc5 19. Bxd7 Nxd7 20. Nf5) 18... Bf8 (18... a5 $11) 19. Qb2 {[%emt 0:03:58] White has more active pieces.} (19. Ne5 $16) 19... Qb8 (19... c4 {looks sharper.} 20. bxc4 dxc4 21. Rxc4 b5) 20. Bh3 (20. a4 $14) 20... Ne4 (20... c4 $11 {remains equal.}) 21. dxc5 $16 Ndxc5 22. Nf5 f6 23. N5d4 Rd6 24. Qc2 g6 25. b4 Nd7 26. Qc7 f5 27. Qxb8 (27. Bxf5 {is interesting.} gxf5 28. Nxf5 Rd8 29. Qxb8 Nxb8 30. Nxd6 Bxd6 31. a3) 27... Nxb8 28. g4 fxg4 29. Bxg4 Nc6 30. a3 h5 31. Bh3 Bg7 32. Nxc6 (32. Rc2 {is more complex.} Rf8 33. Rdc1 Nd8 34. Rc7) 32... Bxa1 33. Rxa1 {[%emt 0:00:04] [#] Hoping for Ncd4.} (33. Ncd4 $5 Bxd4 34. Nxd4 $14) 33... Bxc6 34. Nd4 {[%emt 0:00:21] Nxc6 is the strong threat.} Bd7 35. Bg2 Nc3 (35... Rf6 $11 {keeps the balance.}) 36. Rd3 $36 {[%emt 0:00:49][%mdl 2048] White is pushing.} Rc8 37. Rc1 {[%emt 0:00:32] Black is now going downhill.} Ne4 38. Rxc8+ Bxc8 39. f3 Nf6 40. Rc3 Bf5 41. h4 Kf7 42. Kf2 (42. Rc7+ $142 Kf8 43. Ra7) 42... a5 (42... Ng8 $16) 43. Bf1 axb4 44. axb4 Rd8 (44... Ng8 {was called for.} 45. Nb5 Rf6) 45. Rc6 $18 Rb8 46. Bb5 Rb7 (46... Ne8 {might work better.} 47. Nxf5 gxf5) 47. Ba6 Rb8 48. Nxf5 gxf5 {[%emt 0:00:01][%mdl 4096] Endgame KRB-KRN} 49. Bc8 f4 50. exf4 Ra8 51. Be6+ Ke7 52. Rxb6 {[%emt 0:00:10] And now f5 would win.} d4 (52... Nd7 $142 53. Bxd7 Kxd7) 53. f5 Ra1 (53... Ne8 $142 54. Rb7+ Kd6 55. Rd7+ Ke5 56. Rd5+ Kf6 57. Rxd4 Ng7) 54. Rc6 {[%emt 0:00:33] aiming for Bc4.} Rb1 55. Rc4 Rb2+ 56. Ke1 d3 (56... Ne8 {keeps fighting.} 57. Rxd4 Nd6) 57. Rd4 d2+ 58. Kd1 (58. Rxd2 Rxb4 59. Kf2 Rxh4 $16) 58... Ke8 (58... Kf8 $142 59. Bc8 (59. Rxd2 Rxb4 60. Ra2 Kg7 $16) 59... Ke7) 59. Bc4 ({Not} 59. Rxd2 Rxb4 60. Rh2 Ke7 $16) 59... Ke7 60. b5 ({Weaker is} 60. Rxd2 Rxb4 61. Rd4 Rb2 $16) 60... Ne8 (60... Nd7 $142 61. Rxd2 Rb4) 61. Rxd2 Rb4 62. Re2+ Kf8 63. Bd3 Nd6 64. Re5 Rxh4 65. Be4 Rh2 66. Kc1 Nc4 67. Rc5 Nb6 68. Rc6 Nd7 69. b6 Ke7 70. f6+ {[%emt 0:00:18] White mates.} Nxf6 {[%emt 0:00:26] [#]} 71. Rxf6 $1 Kxf6 (71... Rh1+ 72. Kd2) 72. b7 Rh1+ 73. Kc2 Rh2+ 74. Kc3 {[%emt 0:00:05] Weighted Error Value: White=0.21 (precise) /Black=0.42} 1-0

[Event "US Masters 2022"]
[Site "Charlotte"]
[Date "2022.11.28"]
[Round "9.6"]
[White "Cervantes Landeiro, Thalia"]
[Black "Hambleton, Aman"]
[Result "1/2-1/2"]
[ECO "E15"]
[WhiteElo "2309"]
[BlackElo "2437"]
[Annotator "TA"]
[PlyCount "99"]
[EventDate "2022.11.23"]
[EventType "swiss"]
[EventCountry "USA"]
[SourceTitle "playchess.com"]
[Source "ChessBase"]
[SourceQuality "1"]
[TimeControl "5400+30"]

1. d4 Nf6 2. c4 e6 3. Nf3 b6 4. g3 Ba6 5. Qa4 Bb7 6. Bg2 c5 7. dxc5 Bxc5 8. O-O O-O 9. Nc3 Be7 10. Rd1 a6 {[%emt 0:35:51] E15: Queen's Indian: 4 g3 sidelines, 4 g3 Ba6 and 4 g3 Bb7 early deviations.} 11. Bf4 d6 12. Rd2 Qc7 13. Rad1 e5 (13... Rd8 $11) 14. Bg5 $14 Nbd7 $1 {[%emt 0:00:15][%cal Ob6b5] [#]} 15. Bxf6 $146 (15. Qc2 {keeps more tension.} Rfe8 16. b3 b5 17. Bxf6 Nxf6 18. Ng5) ({Predecessor:} 15. Nh4 g6 16. Bxb7 Qxb7 17. Ng2 Rfc8 18. Ne3 Bf8 19. Bxf6 Nxf6 20. Ned5 Nxd5 21. Nxd5 {½-½ (61) Shulman,Y (2595)-Neimer,V (2384) Saint Louis 2012}) 15... Nxf6 16. Nh4 {[%emt 0:04:01] Prevents b5. Hoping for Bxb7.} g6 17. Bxb7 Qxb7 18. Ng2 b5 19. Qb3 Rab8 20. cxb5 axb5 21. Ne3 Rfc8 22. Ned5 {[%emt 0:01:28] aiming for Nxf6+.} Nxd5 23. Rxd5 Rc5 24. Ne4 Rxd5 25. Rxd5 {[%emt 0:00:42][%cal Oe4c3] Nc3! is the strong threat.} ({Of course not} 25. Qxd5 Qxd5 26. Rxd5 b4 $11) 25... Qc6 {[%emt 0:01:21] [#]} ({Black should play} 25... Qa8 $14) 26. a4 {[%emt 0:05:07] White is more active.} (26. Nc3 $1 $16) 26... Qc4 (26... Qc1+ {is more complex.} 27. Kg2 Qc4 28. Qxc4 bxc4 29. Rb5 Rxb5 30. axb5 d5) 27. Qxc4 bxc4 {[%emt 0:00:03][%mdl 4096] Endgame KRB-KRN} 28. Rb5 Ra8 (28... Rxb5 $11 {remains equal.} 29. axb5 d5) 29. Nc3 f5 30. Nd5 Bd8 31. Rb4 Rc8 32. Ne3 (32. Rb7 $5 ) 32... c3 33. bxc3 Kf7 $1 34. c4 Ke6 35. Kg2 Ba5 36. Rb7 f4 37. gxf4 exf4 38. Nd5 (38. Nd1 {simplifies} Rxc4 39. Rxh7 Rxa4 40. Nb2) 38... Rxc4 39. e4 (39. Rb5 $11 Rxa4 40. Nxf4+ Rxf4 41. Rxa5) 39... Rxe4 $17 (39... Rxa4 $2 40. Re7#) 40. Kf3 Kxd5 {[%emt 0:00:49] KRB-KR} ({Much worse is} 40... Rxa4 $6 41. Nxf4+ Ke5 42. Re7+ Kf6 43. Rxh7 $11) 41. Rb5+ Kd4 42. Rxa5 {[%emt 0:00:06] [#] KR-KR} d5 ({Black should try} 42... Re7 $1 $17 {Strongly threatening ...d5.} 43. Ra8 d5) 43. Ra7 $15 h6 44. Ra6 {[%emt 0:01:29] Prevents Re6. The position is equal.} g5 {[%emt 0:00:27] White must now prevent ...h5.} 45. Rxh6 Ke5 46. h4 gxh4 47. Rh5+ Ke6 48. Rxh4 Rxa4 49. Rxf4 Rxf4+ 50. Kxf4 {[%emt 0:00:06] Weighted Error Value: White=0.13 (very precise) /Black=0.14 (very precise)} 1/2-1/2

[Event "US Masters 2022"]
[Site "Charlotte"]
[Date "2022.11.28"]
[Round "9.7"]
[White "Cruz, Cristhian"]
[Black "Korley, Kassa"]
[Result "1-0"]
[ECO "E14"]
[WhiteElo "2552"]
[BlackElo "2451"]
[Annotator "TA"]
[PlyCount "63"]
[EventDate "2022.11.23"]
[EventType "swiss"]
[EventCountry "USA"]
[SourceTitle "playchess.com"]
[Source "ChessBase"]
[SourceQuality "1"]
[TimeControl "5400+30"]

1. c4 e6 2. Nc3 d5 3. e3 Nf6 4. Nf3 Be7 5. b3 O-O 6. Bb2 b6 7. cxd5 exd5 8. d4 Bb7 9. Bd3 Nbd7 10. O-O Ne4 11. Rc1 Ndf6 {[%emt 0:11:20] E14: Queen's Indian: Classical Variation (4 e3).} 12. Ne2 Bd6 13. Ne5 c5 {[%emt 0:10:29] White is slightly better.} 14. f3 Ng5 15. Ng3 {[%emt 0:00:09] [#]} Rc8 $146 (15... cxd4 $142 16. exd4 (16. Bxd4 Ne6 $14) 16... g6) ({Predecessor:} 15... cxd4 16. exd4 g6 17. Qd2 Ne6 18. Qh6 Rc8 19. Rxc8 Qxc8 20. Nf5 Qd8 21. Qg7+ Nxg7 {1-0 (41) Kurajica,B (2565)-Karpov,A (2780) Tilburg 1994}) 16. Nf5 $16 Bb8 (16... Ne6 $16 17. Qe1 cxd4 18. exd4 Rxc1 19. Bxc1 (19. Qxc1 Bb4 $16) 19... Nh5) 17. dxc5 bxc5 18. f4 Ne6 19. Ng4 {[%emt 0:01:09] And now Nxf6+ would win.} d4 20. exd4 {[%emt 0:03:49][%cal Od4d5] d5! is the strong threat.} cxd4 21. Rxc8 Bxc8 22. Ba3 {[%emt 0:03:38] White has more active pieces.} Re8 {[%emt 0:11:21] [#] Inhibits Be7.} (22... Nd5 $16 {was necessary.}) 23. Bb5 $2 (23. Be7 $1 $18 {[%mdl 512] and the rest is easy. Hoping for Nxf6+.} Rxe7 24. Nxf6+ gxf6 25. Qh5 Nxf4 26. Qg4+ (26. Nxe7+ Kf8 $16) 26... Ng6 27. Nxe7+ Qxe7 28. Qxc8+ Kg7 29. Qf5 (29. Bxg6 Qe3+ 30. Kh1 Qe5 $11)) 23... Nxf4 {[%emt 0:05:07] [#]} (23... Nd7 $16) 24. Be7 $1 $18 Rxe7 25. Nxf6+ Kh8 26. Nxe7 {[%emt 0:00:11] Chess con chili. Pair of Knights!} Bb7 $2 (26... gxf6 27. Nxc8 Qxc8 28. Qxd4 Kg7) 27. Nh5 {[%emt 0:03:03][%cal Od1g4] Black must now prevent Qg4! White is clearly winning.} Nh3+ 28. gxh3 Qxe7 29. Re1 Be5 30. Bd3 g6 31. Qe2 Qg5+ 32. Qg4 {[%emt 0:00:05] Weighted Error Value: White=0.27 (precise) /Black=0.78} 1-0